 Dungeon Crawl Stone Soup version 0.28.0-53-g5a82cb258f (webtiles) character file.

Game seed: 11557205984909743047

297 Descartes the Covert (level 6, -1/42 HPs)
             Began as an Octopode Delver on June 22, 2022.
             Slain by an ice beast (13 damage)
             ... on level 5 of the Dungeon.
             The game lasted 00:00:32 (362 turns).

Descartes the Covert (Octopode Delver)               Turns: 362, Time: 00:00:33

Health: -1/42      AC:  1    Str: 12    XL:     6   Next: 35%
Magic:  6/6        EV: 14    Int: 12    God:
Gold:   56         SH:  0    Dex: 15    Spells: 5/5 levels left

rFire   . . .      SeeInvis .   a - +0 short sword
rCold   . . .      Faith    .   (no shield)
rNeg    . . .      Spirit   .   (helmet restricted)
rPois   .          Reflect  .   (no amulet)
rElec   .          Harm     .   (no ring)
rCorr   .          Rampage  .   (no ring)
Will    .....                   (no ring)
Stlth   +++++.....              (no ring)
HPRegen 0.14/turn               (no ring)
MPRegen 0.10/turn               (no ring)
                                (no ring)
                                (no ring)

@: no status effects
A: almost no armour, amphibious, 8 rings, camouflage 1, gelatinous body 1,
(nimble swimmer 1), tentacles
a: no special abilities


You were on level 5 of the Dungeon.
You visited 1 branch of the dungeon, and saw 1 of its levels.

You collected 56 gold pieces.

Inventory:

Hand Weapons
 a - a +0 short sword (weapon)
Wands
 f - a wand of digging (3)
Scrolls
 b - a scroll of fog
 c - a scroll of magic mapping
 d - a scroll of fear
Potions
 e - a potion of haste
 g - a potion of flight {unknown}


   Skills:
 - Level 3.0 Fighting
 + Level 4.0 Short Blades
 + Level 4.0 Dodging
 + Level 8.4 Stealth


You had 5 spell levels left.
You didn't know any spells.
Your spell library was empty.

Dungeon Overview and Level Annotations

Branches:
Dungeon (5/15)
 Temple: D:4-7

Altars:


Innate Abilities, Weirdness & Mutations

You cannot wear most types of armour.
You are amphibious.
You can wear up to eight rings at the same time.
Your skin changes colour to match your surroundings (Stealth+).
Your rubbery body absorbs attacks. (AC +1, EV +1)
((You are camouflaged when in or above water. (Stealth+)))
You have tentacles for arms and can constrict up to eight enemies at once.


Message History

The ice beast is lightly wounded.
The ice beast completely misses you. The orc hits you with a +0 hand axe.
The orc completely misses you.
You hit the ice beast.
You squeeze the ice beast, but do no damage.
The ice beast is lightly wounded.
The orc barely misses you. The ice beast hits you. The ice beast freezes you!
The orc barely misses you.
You are too injured to fight recklessly!
You are too injured to fight recklessly!
You are too injured to fight recklessly!
You are too injured to fight recklessly!
You are too injured to fight recklessly!
You are too injured to fight recklessly!
You are too injured to fight recklessly!
You are too injured to fight recklessly!
You are too injured to fight recklessly!
You are too injured to fight recklessly!
You are too injured to fight recklessly!
You are too injured to fight recklessly!
You are too injured to fight recklessly!
You are too injured to fight recklessly!
You are too injured to fight recklessly!
You are too injured to fight recklessly!
You are too injured to fight recklessly!
You are too injured to fight recklessly!
You are too injured to fight recklessly!
You are too injured to fight recklessly!
You are too injured to fight recklessly!
You are too injured to fight recklessly!
You are too injured to fight recklessly!
You are too injured to fight recklessly!
You are too injured to fight recklessly!
Unknown command.
You hit the ice beast but do no damage.
The ice beast is lightly wounded.
The ice beast hits you.
* * * LOW HITPOINT WARNING * * *
The ice beast freezes you!
You die...

.#.####
####.#.##..........# .#.#
#######....#.#####.#####.#
...# #.......####.# #.#
#.# ..## #.#####.# #.. ..#
#.# ..# #.#####.# ### ####
#.# .>#####.##....# ######
#.# ........##.##.# .....#
#.##
.<....#.##..#.####o....#
#..#
................@Yo....#
#...
........###.##.###...(.#
##.# ...###..# #.##.#
(....# #.# ........#
#.##.# ###### #.#
..####.####.##.# ###.#
.... #.........#### #...#
.### ######.......# #.###
. #######.# #.# #.# #.#


You could see an ice beast and 2 orcs.

Vanquished Creatures
  An ice beast (D:5)
  A phantom (D:5)
  A jelly (D:5)
  An orc priest (D:5)
  An iguana (D:5)
  2 orc wizards (D:5)
  2 orcs (D:5)
9 creatures vanquished.

Notes
Turn   | Place    | Note
-------+----------+-------------------------------------------
     0 | D:5      | Descartes the Octopode Delver began the quest for the Orb.
     0 | D:5      | Reached XP level 1. HP: 16/16 MP: 1/1
   128 | D:5      | Noticed an iguana
   135 | D:5      | Killed an iguana
   136 | D:5      | Reached skill level 7 in Stealth
   136 | D:5      | Reached XP level 2. HP: 21/21 MP: 2/2
   136 | D:5      | Reached XP level 3. HP: 26/26 MP: 3/3
   139 | D:5      | Noticed an ice beast
   142 | D:5      | Killed an ice beast
   143 | D:5      | Reached XP level 4. HP: 31/31 MP: 4/4
   157 | D:5      | Reached XP level 5. HP: 36/36 MP: 5/5
   176 | D:5      | Reached skill level 8 in Stealth
   293 | D:5      | Noticed a phantom
   298 | D:5      | Killed a phantom
   299 | D:5      | Reached XP level 6. HP: 42/42 MP: 6/6
   348 | D:5      | Noticed an ice beast
   362 | D:5      | Slain by an ice beast

Illustrated notes

Levels and vault maps discovered:
D:5:      layout_loops_cross

Skill      XL: |  1  2  3  4  5  6 |
---------------+-------------------+-----
Stealth        | 7 8 |  8.4
Short Blades   | 3 4 |  4.0
Dodging        | 3 4 |  4.0
Fighting       | |  3.0

Action                   |  1- 3 |  4- 6 || total
-------------------------+-------+-------++-------
Melee: Short sword       |     2 |    17 ||    19
       Tentacles         |       |     3 ||     3
       Punch             |       |     2 ||     2
       Constrict         |       |     1 ||     1
 Stab: Sleeping          |     2 |     6 ||     8
Armor: Skin              |       |     1 ||     1
Dodge: Dodged            |       |    18 ||    18
